 Dungeon Crawl Stone Soup version 0.29-a0-1027-gcd8c55af63 (webtiles) character file.

Game seed: 3453376778084598376

151290 sanka the Illuminatus (level 17, -10/142 HPs)
             Began as a Gnoll Conjurer on Aug 12, 2022.
             Was an Elder of Ashenzari.
             Mangled by a spark wasp (13 damage)
             ... on level 4 of the Spider Nest on Aug 13, 2022.
             The game lasted 02:00:15 (49211 turns).

sanka the Illuminatus (Gnoll Conjurer)             Turns: 49211, Time: 02:00:16

Health: -10/142    AC: 27    Str: 10      XL:     17   Next: 55%
Magic:  4/37       EV: 21    Int: 25 (27) God:    Ashenzari [****..]
Gold:   392        SH:  0    Dex: 18      Spells: 23/48 levels left

rFire   + . .      SeeInvis +   a - +4 great sword of Reinforcement {pain, Str+3 Int+3}
rCold   . . .      Faith    .   (shield currently unavailable)
rNeg    . . .      Spirit   .   Z - +3 leather armour of the Pangnostic Stars {rPois rF+ Stlth+, Self, Elem} (curse)
rPois   +          Reflect  .   y - +2 helmet of the Distant Seer {Fort, Elem} (curse)
rElec   .          Harm     .   c - +0 cloak "All-seeing Mutualism" {Fort, Range} (curse)
rCorr   .          Rampage  .   O - +2 pair of gloves
Will    ++...      Clarity  +   i - +0 pair of boots "Celestial Dogma" {Cun, Self} (curse)
Stlth   ++++++....              j - amulet "Cursed With Me" {Acrobat, Bglg, Elem} (curse)
HPRegen 0.33/turn               h - ring of the Enlightened Moon {Contam Will+ AC+4 Dex+6 Stlth-, Fort, Elem} (curse)
MPRegen 0.25/turn               r - ring of the Chained Seer {AC+4, Bglg, Fort} (curse)

@: no status effects
A: fangs 1, strong nose, distributed training
a: Renounce Religion, Shatter the Chains


You were on level 4 of the Spider Nest.
You worshipped Ashenzari.
Ashenzari was greatly pleased with you.
You visited 5 branches of the dungeon, and saw 27 of its levels.
You also visited: Trove and Sewer.

You collected 2716 gold pieces.
You spent 2324 gold pieces at shops.


Innate Abilities, Weirdness & Mutations

You have very sharp teeth.
Your uncanny sense of smell can sniff out nearby items.
Your experience applies equally to all skills.


   Skills:
 + Level 12.1(15.0) Fighting
 + Level 12.1 Short Blades
 + Level 12.1 Long Blades
 + Level 12.1 Axes
 + Level 12.1 Maces & Flails
 + Level 12.1 Polearms
 + Level 12.1 Staves
 + Level 12.1(14.0) Ranged Weapons
 + Level 12.1(14.0) Throwing
 + Level 12.1(16.8) Armour
 + Level 12.9(14.8) Dodging
 + Level 12.8(14.7) Stealth
 + Level 12.1(16.8) Shields
 + Level 12.1 Unarmed Combat
 + Level 13.1(16.0) Spellcasting
 + Level 12.4(15.3) Conjurations
 + Level 10.3(13.2) Hexes
 + Level 10.3 Summonings
 + Level 10.3 Necromancy
 + Level 10.3(13.2) Translocations
 + Level 10.3 Transmutations
 + Level 10.3(15.0) Fire Magic
 + Level 10.3(15.0) Ice Magic
 + Level 10.3(15.0) Air Magic
 + Level 10.3(15.0) Earth Magic
 + Level 10.3 Poison Magic
 + Level 13.2 Invocations
 + Level 12.1 Evocations


You had 23 spell levels left.
You knew the following spells:

 Your Spells              Type           Power      Damage    Failure   Level
c - Iron Shot             Conj/Erth      38%        9d8       1%          6
x - Searing Ray           Conj           100%       2d8       0%          2
z - Magic Dart            Conj           100%       1d8       0%          1
C - Spellforged Servitor  Conj/Summ      35%        N/A       14%         7
X - Freezing Cloud        Conj/Ice/Air   38%        6-21      1%          5
Z - Fulminant Prism       Conj/Hex       37%        3d18      1%          4

Your spell library contained the following spells:

 Spells                   Type           Power      Damage    Failure   Level
 Static Discharge         Conj/Air       77%        3-13/arc  0%          2
 Necrotise                Necr           100%       1d9       1%          1
 Sting                    Tmut/Pois      100%       1d8       1%          1
 Poisonous Vapours        Pois/Air       100%       N/A       1%          2
 Sublimation of Blood     Necr           64%        N/A       1%          2
 Wereblood                Tmut           64%        N/A       1%          2
 Confusing Touch          Hex            72%        N/A       1%          3
 Conjure Flame            Conj/Fire      77%        6-21      1%          3
 Dazzling Flash           Conj/Hex       100%       N/A       1%          3
 Frozen Ramparts          Ice            100%       1d16      1%          3
 Ignite Poison            Fire/Tmut/Pois 68%        N/A       1%          3
 Vampiric Draining        Necr           64%        2d10      1%          3
 Cause Fear               Hex            36%        N/A       1%          4
 Corpse Rot               Necr/Pois/Air  68%        N/A       1%          4
 Dispel Undead            Necr           64%        3d22      1%          4
 Flame Wave               Conj/Fire      77%        2d17      1%          4
 Iskenderun's Mystic Bla  Conj/Tloc      75%        2d15      1%          4
 Olgreb's Toxic Radiance  Pois           64%        N/A       1%          4
 Sticky Flame             Conj/Fire      77%        2d9       1%          4
 Summon Ice Beast         Ice/Summ       70%        N/A       1%          4
 Agony                    Necr           64%        N/A       1%          5
 Alistair's Intoxication  Tmut/Pois      42%        N/A       1%          5
 Iskenderun's Battlesphe  Conj           77%        2d13      1%          5
 Summon Mana Viper        Hex/Summ       68%        N/A       1%          5
 Yara's Violent Unravell  Hex/Tmut       34%        3d14      1%          5
 Enfeeble                 Hex            36%        N/A       12%         7
 Monstrous Menagerie      Summ           32%        N/A       36%         7
 Summon Hydra             Summ           32%        N/A       36%         7

Inventory:

Hand Weapons
 a - the +4 great sword of Reinforcement (weapon) {pain, Str+3 Int+3} In the hands of one skilled in necromantic magic, it inflicts extra damage on living creatures. Str: It affects your strength (+3). Int: It affects your intelligence (+3).
 b - a +1 dagger of venom
 f - the +5 scythe "Finisher" {speed, eviscerate} Attacks with this weapon are significantly faster. It may eviscerate those it strikes, slaying them instantly, with a decreasing chance against stronger foes.
 w - a +5 spectral quarterstaff
 T - a +1 demon whip of venom
Missiles
 p - 2 throwing nets {=f}
 N - 7 curare-tipped darts {=f}
Armour
 c - the cursed +0 cloak "All-seeing Mutualism" (worn) {Fort, Range}

   It has a curse which improves the following skills: Fortitude: Armour and
   Shields.
   Ranged Combat: Ranged Weapons and Throwing.
 g - the +18 shield of the Gong {rElec rN+ Will+ EV-5}

   It is deafeningly noisy when blocking attacks.
   EV:        It affects your evasion (-5).
   rElec:     It insulates you from electricity.
   rN:        It protects you from negative energy.
   Will:      It increases your willpower.
 i - the cursed +0 pair of boots "Celestial Dogma" (worn) {Cun, Self}

   It has a curse which improves the following skills: Cunning: Dodging and
   Stealth.
   Introspection: Fighting and Spellcasting.
 y - the cursed +2 helmet of the Distant Seer (worn) {Fort, Elem}

   It has a curse which improves the following skills: Fortitude: Armour and
   Shields.
   Elements:  Fire Magic, Ice Magic, Air Magic and Earth Magic.
 O - a +2 pair of gloves (worn)
 Z - the cursed +3 leather armour of the Pangnostic Stars (worn) {rPois rF+ Stlth+, Self, Elem} rF: It protects you from fire. rPois: It protects you from poison. Stlth: It makes you more stealthy. It has a curse which improves the following skills: Introspection: Fighting and Spellcasting. Elements: Fire Magic, Ice Magic, Air Magic and Earth Magic.
Jewellery
 h - the cursed ring of the Enlightened Moon (left hand) {Contam Will+ AC+4 Dex+6 Stlth-, Fort, Elem}

   [ring of protection]

   AC:        It affects your AC (+4).
   Dex:       It affects your dexterity (+6).
   Contam:    It causes magical contamination when unequipped.
   Will:      It increases your willpower.
   Stlth:     It makes you less stealthy.
   It has a curse which improves the following skills: Fortitude: Armour and
   Shields.
   Elements:  Fire Magic, Ice Magic, Air Magic and Earth Magic.
 j - the cursed amulet "Cursed With Me" (around neck) {Acrobat, Bglg, Elem}

   [amulet of the acrobat]

   It increases your evasion while moving and waiting.
   It has a curse which improves the following skills: Beguiling: Conjurations,
   Hexes and Translocations.
   Elements:  Fire Magic, Ice Magic, Air Magic and Earth Magic.
 q - a ring of ice
 r - the cursed ring of the Chained Seer (right hand) {AC+4, Bglg, Fort}

   [ring of protection]

   AC:        It affects your AC (+4).
   It has a curse which improves the following skills: Beguiling: Conjurations,
   Hexes and Translocations.
   Fortitude: Armour and Shields.
Wands
 B - a wand of acid (4)
 H - a wand of charming (27)
 J - a wand of flame (3)
 M - a wand of polymorph (11)
 V - a wand of iceblast (3)
 Y - a wand of mindburst (2)
Scrolls
 d - a scroll of fear
 e - 11 scrolls of teleportation {@r4}
 m - 14 scrolls of vulnerability {!r}
 t - 7 scrolls of immolation {!r}
 v - 7 scrolls of blinking
 x - a scroll of summoning
 C - 4 scrolls of poison {!r}
 F - 4 scrolls of silence {!r}
 I - 3 scrolls of torment {!r}
 K - 4 scrolls of enchant weapon
 L - 4 scrolls of amnesia
 P - 5 scrolls of magic mapping
 R - 2 scrolls of brand weapon
 S - 2 scrolls of fog
Potions
 k - 8 potions of attraction {!q}
 l - 2 potions of brilliance
 n - 13 potions of curing {@q1}
 o - 3 potions of invisibility
 s - 3 potions of magic
 u - 17 potions of ambrosia
 z - 5 potions of lignification {!q}
 A - 3 potions of haste {@q3}
 D - 8 potions of might
 E - 4 potions of mutation {!q}
 G - 10 potions of heal wounds {@q2}
 Q - 2 potions of cancellation
 X - 3 potions of resistance
Miscellaneous
 W - a box of beasts (inert)

Dungeon Overview and Level Annotations

Branches:
Dungeon (15/15)            Temple (1/1) D:7            Lair (5/5) D:8
 Shoals (0/4) Lair:3       Spider (4/4) Lair:2        Slime (0/5) Lair:4
    Orc (2/2) D:11            Elf (0/3) Orc:2        Vaults (0/5) D:14
 Depths (0/4) D:15          Sewer (visited)

Altars:
Ashenzari
Cheibriados
Dithmenos
Elyvilon
Fedhas
Gozag
Hepliaklqana
Kikubaaqudgha
Makhleb
Nemelex Xobeh
Okawaru
Qazlal
Ru
Sif Muna
Trog
Uskayaw
Vehumet
Wu Jian
Xom
Yredelemnul
Zin
The Shining One
Jiyva

Shops:
D:2 (   D:5 :   D:7 :?!   D:13 [   D:15 !=   Orc:2 :*[!

Annotations:
D:14 3 runed translucent doors, Maiffull's ghost, journeyman TrMo
Lair:3 exclusion: 4 oklob plants
Spider:3 2 transporters

▒▒▒▒▒▒▒▒▒▒▒▒▒▒▒▒▒▒▒▒▒▒▒
▒▒▒▒▒▒▒▒▒▒▒▒▒▒▒▒▒▒▒▒▒▒▒▒▒
▒▒▒▒▒▒▒▒...ssyg.^...........^▒▒
▒^~^▒▒▒▒.▒ws▒▒▒....▒▒^^.^▒▒▒.▒▒
▒▒▒^.▒~▒......▒..^..^▒..^^.^▒▒.▒▒
▒.^..^▒▒...{...^..^.▒.......▒^.▒▒
▒▒...^......^..▒..^▒.~......▒^.▒
~▒...^^.^.......▒...^.....^^▒~.▒
..[†.....~~~~~~~~~~~▒..........▒
▒.^.▒†..~~≈~≈≈≈≈≈≈≈~~~.....~▒^.▒
...†.^^~~≈≈≈≈≈≈≈≈≈≈≈≈~~....~.^^▒


You could see an emperor scorpion, a steelbarb worm, a spark wasp, an orb spider
and a redback.


Message History

Aiming: Mindburst
Aim: a wolf spider (chance to affect: 92%)
The wolf spider's mind is blasted!!
The wolf spider barely misses you. The wolf spider bites you!
* * * LOW HITPOINT WARNING * * *
The wolf spider completely misses you. The wolf spider completely misses you.
Aiming: Mindburst
Aim: a wolf spider (heavily wounded, chance to affect: 92%)
The wolf spider's mind is blasted!!
The wolf spider completely misses you. The wolf spider completely misses you.
Unknown command.
Aiming: Mindburst
Aim: a wolf spider (almost dead, chance to affect: 92%)
The wolf spider's mind is blasted!!!
You blow up the wolf spider!
Unknown command.
Aiming: Mindburst
Aim: a spark wasp (moderately wounded, chance to affect: 83%)
The spark wasp barely resists.
The spark wasp stings you!
* * * LOW HITPOINT WARNING * * *
The spark wasp shocks you!
* * * LOW HITPOINT WARNING * * *
The spark wasp stings you.
* * * LOW HITPOINT WARNING * * *
The spark wasp shocks you!
You die...

Action                   |  1- 3 |  4- 6 |  7- 9 | 10-12 | 13-15 | 16-18 || total
-------------------------+-------+-------+-------+-------+-------+-------++-------
Melee: Great sword       |       |    41 |       |       |    54 |   116 ||   211
       Morningstar       |       |    15 |       |       |       |       ||    15
       Bite              |       |     9 |     1 |    11 |    36 |    14 ||    71
       Quarterstaff      |       |       |    30 |    65 |    37 |       ||   132
       Scythe            |       |       |       |   109 |   239 |       ||   348
       Dagger            |       |       |       |       |       |    10 ||    10
       Punch             |       |       |       |       |       |     1 ||     1
Throw: Dart              |       |       |       |       |     8 |       ||     8
 Cast: Magic Dart        |    58 |   113 |   125 |   172 |   164 |       ||   632
       Searing Ray       |     2 |     6 |    35 |    50 |    48 |       ||   141
       Fulminant Prism   |       |       |    16 |    82 |    20 |       ||   118
       Freezing Cloud    |       |       |       |     7 |   121 |    49 ||   177
       Iron Shot         |       |       |       |       |   191 |   206 ||   397
       Spellforged Servi |       |       |       |       |       |     4 ||     4
Invok: Curse Item        |       |       |       |     4 |     2 |     3 ||     9
       Shatter the Chain |       |       |       |       |     1 |     1 ||     2
Evoke: Wand              |       |       |       |    18 |     7 |    19 ||    44
       Box of beasts     |       |       |       |       |       |     1 ||     1
  Use: Potion            |       |       |       |     1 |     1 |       ||     2
       Scroll            |       |       |       |       |     2 |     2 ||     4
 Stab: Sleeping          |       |     2 |     2 |       |     4 |     1 ||     9
       Distracted        |       |       |       |       |     2 |       ||     2
Armor: Robe              |     1 |    25 |    12 |    89 |   192 |       ||   319
       Leather armour    |       |       |       |       |       |    99 ||    99
Dodge: Dodged            |     4 |    63 |    57 |   265 |   660 |   231 ||  1280

Levels and vault maps discovered:
D:1:      dpeg_arrival_pits, layout_loops_ring, minmay_box_of_dots
D:2:      layout_loops_corners, basic_ecumenical_altar, serial_shops, shop
D:3:      layout_basic, chequers_arboretum
D:4:      layout_rooms, portal_sewer_entry_b, nicolae_titane
D:5:      layout_basic, grunt_temple_overflow_open, serial_shops, shop
D:6:      layout_loops_corners, minmay_holes
D:7:      layout_basic, minmay_temple_entry_proselytizer, serial_shops,
          shop_fountains, nicolae_shop_waterfront, kennysheep_mini
D:8:      kennysheep_blocky_room, layout_basic, mainiacjoe_overflow_boulevard,
          erik_lair_dragon, uniq_pikel, uniq_grum, uniq_psyche, uniq_joseph
D:9:      layout_cave_pools, minmay_radiant
D:10:     layout_big_octagon, amcnicky_mini_corridor_feature,
          minmay_guarded_unrand_finisher, uniq_josephine
D:11:     layout_loops_ring, david_orc_3, nicolae_hexahallways,
          blue_anna_alchemist
D:12:     layout_layer_cave, enter_trove_3, kiku_gazebo_garden_becter
D:13:     layout_basic, serial_shops, nicolae_shop_stone, grunt_qazlal_sundering
D:14:     layout_roguey, ximxim_vaults_locker_room, biasface_ghost_orc_armoury,
          nicolae_vehumet_altar_sigil, fedhas_altar_1
D:15:     grunt_enter_depths_giant_problem, layout_irregular_city,
          okawaru_ov_weapons_minmay, serial_shops, nicolae_lakefront_shop,
          shop_statue
Temple:   oiseaux_autumnal_temple
Lair:1:   layout_layer_cave
Lair:2:   layout_roguey [special_room_bee], spider_nest_entry_web_field,
          chequers_serial_rivers_large_b, nzn_sisyphean_effort, uniq_maggie
Lair:3:   hangedman_what_comes_after_a, layout_long_grid, shoals_dummy_entry,
          lemuel_fruit_tree, serial_bayou_shore_b, grunt_megastairs_4,
          uniq_amaemon
Lair:4:   layout_layer_cave, slime_entry_2, lemuel_fruit_fields, uniq_rupert
Lair:5:   hangedman_lair_tendril_chambers, layout_layer_cave,
          guppyfry_lair_end_dragon
Spider:1: layout_cave_pods
Spider:2: layout_spider_delve, gammafunk_ghost_grave
Spider:3: gammafunk_boulding_lane, uniq_arachne
Spider:4: grunt_spider_rune_island, guppyfry_spider_mini_3
Orc:1:    layout_diamond_mine
Orc:2:    st_orc_ogre_mass, layout_caves, uniq_snorg

Notes
Turn   | Place    | Note
-------+----------+-------------------------------------------
     0 | D:1      | sanka the Gnoll Conjurer began the quest for the Orb.
     0 | D:1      | Reached XP level 1. HP: 13/13 MP: 6/6
   107 | D:1      | Reached XP level 2. HP: 20/20 MP: 3/7
   146 | D:1      | Learned a level 2 spell: Searing Ray
   463 | D:1      | Reached skill level 5 in Spellcasting
   463 | D:1      | Reached XP level 3. HP: 25/25 MP: 3/9
   884 | D:1      | Reached skill level 1 in Invocations
  1177 | D:2      | Found Majaqot's Antique Weapon Boutique.
  1348 | D:2      | Reached skill level 1 in Fighting
  1348 | D:2      | Reached skill level 1 in Short Blades
  1348 | D:2      | Reached skill level 1 in Long Blades
  1348 | D:2      | Reached skill level 1 in Axes
  1348 | D:2      | Reached skill level 1 in Maces & Flails
  1348 | D:2      | Reached skill level 1 in Polearms
  1348 | D:2      | Reached skill level 1 in Staves
  1348 | D:2      | Reached skill level 1 in Ranged Weapons
  1348 | D:2      | Reached skill level 1 in Throwing
  1348 | D:2      | Reached skill level 1 in Armour
  1348 | D:2      | Reached skill level 1 in Shields
  1348 | D:2      | Reached skill level 1 in Unarmed Combat
  1348 | D:2      | Reached skill level 1 in Evocations
  1348 | D:2      | Reached XP level 4. HP: 20/32 MP: 0/11
  1749 | D:2      | Reached skill level 1 in Hexes
  1749 | D:2      | Reached skill level 1 in Summonings
  1749 | D:2      | Reached skill level 1 in Necromancy
  1749 | D:2      | Reached skill level 1 in Translocations
  1749 | D:2      | Reached skill level 1 in Transmutations
  1749 | D:2      | Reached skill level 1 in Fire Magic
  1749 | D:2      | Reached skill level 1 in Ice Magic
  1749 | D:2      | Reached skill level 1 in Air Magic
  1749 | D:2      | Reached skill level 1 in Earth Magic
  1749 | D:2      | Reached skill level 1 in Poison Magic
  1781 | D:2      | Found a faded altar of an unknown god.
  2679 | D:3      | Got the Incunable of Freezing Sculpting
  2940 | D:4      | Reached XP level 5. HP: 37/37 MP: 4/12
  3202 | D:4      | Found a glowing drain.
  3263 | Sewer    | Entered a sewer
  3512 | Sewer    | Reached skill level 2 in Invocations
  3680 | Sewer    | Reached XP level 6. HP: 43/44 MP: 8/13
  3937 | Sewer    | Reached skill level 2 in Fighting
  3937 | Sewer    | Reached skill level 2 in Short Blades
  3937 | Sewer    | Reached skill level 2 in Long Blades
  3937 | Sewer    | Reached skill level 2 in Axes
  3937 | Sewer    | Reached skill level 2 in Maces & Flails
  3937 | Sewer    | Reached skill level 2 in Polearms
  3937 | Sewer    | Reached skill level 2 in Staves
  3937 | Sewer    | Reached skill level 2 in Ranged Weapons
  3937 | Sewer    | Reached skill level 2 in Throwing
  3937 | Sewer    | Reached skill level 2 in Armour
  3937 | Sewer    | Reached skill level 5 in Dodging
  3937 | Sewer    | Reached skill level 2 in Shields
  3937 | Sewer    | Reached skill level 2 in Unarmed Combat
  3937 | Sewer    | Reached skill level 2 in Evocations
  4222 | D:5      | Entered Level 5 of the Dungeon
  4245 | D:5      | Found a basalt altar of Yredelemnul.
  4247 | D:5      | Found a shimmering blue altar of Sif Muna.
  4247 | D:5      | Found a hazy altar of Hepliaklqana.
  4247 | D:5      | Found a shadowy altar of Dithmenos.
  4249 | D:5      | Found a sparkling altar of Nemelex Xobeh.
  4250 | D:5      | Found a stormy altar of Qazlal.
  4297 | D:5      | Found an ancient bone altar of Kikubaaqudgha.
  4298 | D:5      | Found a shimmering altar of Xom.
  4458 | D:5      | Reached XP level 7. HP: 50/50 MP: 11/15
  4763 | D:5      | Reached skill level 2 in Hexes
  4763 | D:5      | Reached skill level 2 in Summonings
  4763 | D:5      | Reached skill level 2 in Necromancy
  4763 | D:5      | Reached skill level 2 in Translocations
  4763 | D:5      | Reached skill level 2 in Transmutations
  4763 | D:5      | Reached skill level 2 in Fire Magic
  4763 | D:5      | Reached skill level 2 in Ice Magic
  4763 | D:5      | Reached skill level 2 in Air Magic
  4763 | D:5      | Reached skill level 2 in Earth Magic
  4763 | D:5      | Reached skill level 2 in Poison Magic
  4912 | D:5      | Found Naluxuff's Book Shoppe.
  5158 | D:5      | Reached skill level 5 in Stealth
  5333 | D:5      | Reached skill level 3 in Invocations
  6051 | D:6      | Reached skill level 3 in Fighting
  6051 | D:6      | Reached skill level 3 in Short Blades
  6051 | D:6      | Reached skill level 3 in Long Blades
  6051 | D:6      | Reached skill level 3 in Axes
  6051 | D:6      | Reached skill level 3 in Maces & Flails
  6051 | D:6      | Reached skill level 3 in Polearms
  6051 | D:6      | Reached skill level 3 in Staves
  6051 | D:6      | Reached skill level 3 in Ranged Weapons
  6051 | D:6      | Reached skill level 3 in Throwing
  6051 | D:6      | Reached skill level 3 in Armour
  6051 | D:6      | Reached skill level 3 in Shields
  6051 | D:6      | Reached skill level 3 in Unarmed Combat
  6051 | D:6      | Reached skill level 3 in Evocations
  6051 | D:6      | Reached XP level 8. HP: 58/58 MP: 11/16
  6212 | D:6      | Reached skill level 6 in Spellcasting
  7044 | D:6      | Reached skill level 3 in Hexes
  7044 | D:6      | Reached skill level 3 in Summonings
  7044 | D:6      | Reached skill level 3 in Necromancy
  7044 | D:6      | Reached skill level 3 in Translocations
  7044 | D:6      | Reached skill level 3 in Transmutations
  7044 | D:6      | Reached skill level 3 in Fire Magic
  7044 | D:6      | Reached skill level 3 in Ice Magic
  7044 | D:6      | Reached skill level 3 in Air Magic
  7044 | D:6      | Reached skill level 3 in Earth Magic
  7044 | D:6      | Reached skill level 3 in Poison Magic
  7044 | D:6      | Reached skill level 4 in Invocations
  7063 | D:6      | Reached skill level 6 in Dodging
  7748 | D:7      | Found Nuli Jek's Distillery.
  7754 | D:7      | Bought a potion of heal wounds for 70 gold pieces
  7754 | D:7      | Bought a potion of haste for 140 gold pieces
  7779 | D:6      | Learned a level 4 spell: Fulminant Prism
  7828 | D:7      | Reached skill level 4 in Fighting
  7828 | D:7      | Reached skill level 4 in Short Blades
  7828 | D:7      | Reached skill level 4 in Long Blades
  7828 | D:7      | Reached skill level 4 in Axes
  7828 | D:7      | Reached skill level 4 in Maces & Flails
  7828 | D:7      | Reached skill level 4 in Polearms
  7828 | D:7      | Reached skill level 4 in Staves
  7828 | D:7      | Reached skill level 4 in Ranged Weapons
  7828 | D:7      | Reached skill level 4 in Throwing
  7828 | D:7      | Reached skill level 4 in Armour
  7828 | D:7      | Reached skill level 4 in Shields
  7828 | D:7      | Reached skill level 4 in Unarmed Combat
  7828 | D:7      | Reached skill level 4 in Evocations
  7828 | D:7      | Reached XP level 9. HP: 23/65 MP: 14/18
  8131 | D:7      | Reached skill level 6 in Stealth
  8131 | D:7      | Reached skill level 8 in Conjurations
  8223 | D:7      | Found Dykh's Magic Scroll Shop.
  8652 | D:7      | Found Reix's Book Boutique.
  8851 | D:7      | Found a staircase to the Ecumenical Temple.
  8920 | Temple   | Entered the Ecumenical Temple
  9175 | Temple   | Became a worshipper of Ashenzari the Shackled
  9215 | D:8      | Noticed Pikel
  9215 | D:8      | Noticed Grum
  9215 | D:8      | Noticed a two-headed ogre
  9215 | D:8      | Noticed a hornet
  9222 | D:7      | Killed a hornet
  9223 | D:7      | Reached skill level 5 in Invocations
  9589 | D:8      | Found a hide-covered altar of Uskayaw.
  9605 | D:8      | Reached skill level 7 in Spellcasting
  9617 | D:8      | Noticed Joseph
  9861 | D:8      | Noticed Psyche
  9873 | D:8      | Killed Psyche
  9874 | D:8      | Reached skill level 4 in Hexes
  9874 | D:8      | Reached skill level 4 in Summonings
  9874 | D:8      | Reached skill level 4 in Necromancy
  9874 | D:8      | Reached skill level 4 in Translocations
  9874 | D:8      | Reached skill level 4 in Transmutations
  9874 | D:8      | Reached skill level 4 in Fire Magic
  9874 | D:8      | Reached skill level 4 in Ice Magic
  9874 | D:8      | Reached skill level 4 in Air Magic
  9874 | D:8      | Reached skill level 4 in Earth Magic
  9874 | D:8      | Reached skill level 4 in Poison Magic
  9894 | D:8      | Reached skill level 5 in Fighting
  9894 | D:8      | Reached skill level 5 in Short Blades
  9894 | D:8      | Reached skill level 5 in Long Blades
  9894 | D:8      | Reached skill level 5 in Axes
  9894 | D:8      | Reached skill level 5 in Maces & Flails
  9894 | D:8      | Reached skill level 5 in Polearms
  9894 | D:8      | Reached skill level 5 in Staves
  9894 | D:8      | Reached skill level 5 in Ranged Weapons
  9894 | D:8      | Reached skill level 5 in Throwing
  9894 | D:8      | Reached skill level 5 in Armour
  9894 | D:8      | Reached skill level 5 in Shields
  9894 | D:8      | Reached skill level 5 in Unarmed Combat
  9894 | D:8      | Reached skill level 5 in Evocations
  9894 | D:8      | Reached XP level 10. HP: 74/74 MP: 14/20
  9972 | D:8      | Killed a two-headed ogre
  9973 | D:8      | Reached skill level 7 in Dodging
 10128 | D:8      | Killed Pikel
 10133 | D:8      | Noticed a skeletal warrior
 10327 | D:8      | Reached skill level 6 in Invocations
 10385 | D:8      | Reached skill level 7 in Stealth
 11058 | D:8      | Killed Joseph
 11216 | D:8      | Killed Grum
 11623 | D:8      | Reached skill level 6 in Fighting
 11623 | D:8      | Reached skill level 6 in Short Blades
 11623 | D:8      | Reached skill level 6 in Long Blades
 11623 | D:8      | Reached skill level 6 in Axes
 11623 | D:8      | Reached skill level 6 in Maces & Flails
 11623 | D:8      | Reached skill level 6 in Polearms
 11623 | D:8      | Reached skill level 6 in Staves
 11623 | D:8      | Reached skill level 6 in Ranged Weapons
 11623 | D:8      | Reached skill level 6 in Throwing
 11623 | D:8      | Reached skill level 6 in Armour
 11623 | D:8      | Reached skill level 6 in Shields
 11623 | D:8      | Reached skill level 6 in Unarmed Combat
 11623 | D:8      | Reached skill level 6 in Evocations
 11655 | D:8      | Reached skill level 5 in Hexes
 11655 | D:8      | Reached skill level 5 in Summonings
 11655 | D:8      | Reached skill level 5 in Necromancy
 11655 | D:8      | Reached skill level 5 in Translocations
 11655 | D:8      | Reached skill level 5 in Transmutations
 11655 | D:8      | Reached skill level 5 in Fire Magic
 11655 | D:8      | Reached skill level 5 in Ice Magic
 11655 | D:8      | Reached skill level 5 in Air Magic
 11655 | D:8      | Reached skill level 5 in Earth Magic
 11655 | D:8      | Reached skill level 5 in Poison Magic
 11797 | D:8      | Found a staircase to the Lair.
 11923 | D:9      | Reached XP level 11. HP: 72/81 MP: 20/22
 11959 | D:9      | Reached skill level 8 in Spellcasting
 12017 | D:9      | Noticed a deep elf pyromancer
 12126 | D:8      | HP: 7/81 [poisoned by a hornet]
 12471 | D:8      | Killed a skeletal warrior
 12628 | D:9      | Killed a deep elf pyromancer
 12629 | D:9      | Reached skill level 9 in Conjurations
 12629 | D:9      | Reached skill level 7 in Invocations
 12742 | D:9      | Reached skill level 8 in Dodging
 13013 | D:9      | Got the Guide on the Hindering Inferno
 13579 | D:9      | Reached * piety under Ashenzari
 13783 | D:9      | Learned a level 5 spell: Freezing Cloud
 13814 | D:10     | Entered Level 10 of the Dungeon
 14024 | D:10     | Noticed a two-headed ogre
 14031 | D:10     | Killed a two-headed ogre
 14039 | D:10     | Noticed Josephine
 14054 | D:10     | Killed Josephine
 14055 | D:10     | Reached skill level 8 in Stealth
 14365 | D:10     | Reached ** piety under Ashenzari
 15011 | D:10     | Noticed a skeletal warrior
 15028 | D:10     | Killed a skeletal warrior
 15029 | D:10     | Reached skill level 7 in Fighting
 15029 | D:10     | Reached skill level 7 in Short Blades
 15029 | D:10     | Reached skill level 7 in Long Blades
 15029 | D:10     | Reached skill level 7 in Axes
 15029 | D:10     | Reached skill level 7 in Maces & Flails
 15029 | D:10     | Reached skill level 7 in Polearms
 15029 | D:10     | Reached skill level 7 in Staves
 15029 | D:10     | Reached skill level 7 in Ranged Weapons
 15029 | D:10     | Reached skill level 7 in Throwing
 15029 | D:10     | Reached skill level 7 in Armour
 15029 | D:10     | Reached skill level 7 in Shields
 15029 | D:10     | Reached skill level 7 in Unarmed Combat
 15029 | D:10     | Reached skill level 7 in Evocations
 15129 | D:10     | Found the +5 scythe "Finisher" {speed, eviscerate}
 15343 | D:11     | Noticed a manticore
 15347 | D:11     | Killed a manticore
 15354 | D:11     | Noticed a white ugly thing
 15358 | D:11     | Killed a white ugly thing
 15359 | D:11     | Reached XP level 12. HP: 94/94 MP: 26/26
 15426 | D:11     | Reached skill level 6 in Hexes
 15426 | D:11     | Reached skill level 6 in Summonings
 15426 | D:11     | Reached skill level 6 in Necromancy
 15426 | D:11     | Reached skill level 6 in Translocations
 15426 | D:11     | Reached skill level 6 in Transmutations
 15426 | D:11     | Reached skill level 6 in Fire Magic
 15426 | D:11     | Reached skill level 6 in Ice Magic
 15426 | D:11     | Reached skill level 6 in Air Magic
 15426 | D:11     | Reached skill level 6 in Earth Magic
 15426 | D:11     | Reached skill level 6 in Poison Magic
 15643 | D:11     | Reached skill level 8 in Invocations
 15895 | D:11     | Reached skill level 9 in Spellcasting
 16569 | D:11     | Found a staircase to the Orcish Mines.
 16997 | Lair:1   | Entered Level 1 of the Lair of Beasts
 17093 | Lair:1   | Noticed a seven-headed hydra
 17109 | Lair:1   | Killed a seven-headed hydra
 17110 | Lair:1   | Reached skill level 9 in Dodging
 17289 | Lair:1   | Noticed a four-headed hydra
 17306 | Lair:1   | Killed a four-headed hydra
 17980 | Lair:1   | Noticed a death yak
 17988 | Lair:1   | Noticed a death yak
 18010 | Lair:1   | Noticed a death yak
 18015 | Lair:1   | Killed a death yak
 18016 | Lair:1   | Reached skill level 9 in Stealth
 18022 | Lair:1   | Killed a death yak
 18022 | Lair:1   | Killed a death yak
 18780 | Lair:2   | Found a hole to the Spider Nest.
 18920 | Lair:2   | Identified +0 steam dragon scales
 18920 | Lair:2   | Noticed Maggie
 18925 | Lair:2   | Killed Maggie
 18926 | Lair:2   | Reached skill level 8 in Fighting
 18926 | Lair:2   | Reached skill level 8 in Short Blades
 18926 | Lair:2   | Reached skill level 8 in Long Blades
 18926 | Lair:2   | Reached skill level 8 in Axes
 18926 | Lair:2   | Reached skill level 8 in Maces & Flails
 18926 | Lair:2   | Reached skill level 8 in Polearms
 18926 | Lair:2   | Reached skill level 8 in Staves
 18926 | Lair:2   | Reached skill level 8 in Ranged Weapons
 18926 | Lair:2   | Reached skill level 8 in Throwing
 18926 | Lair:2   | Reached skill level 8 in Armour
 18926 | Lair:2   | Reached skill level 8 in Shields
 18926 | Lair:2   | Reached skill level 8 in Unarmed Combat
 18926 | Lair:2   | Reached skill level 8 in Evocations
 19187 | Lair:2   | Reached XP level 13. HP: 69/101 MP: 21/27
 19191 | Lair:2   | Reached skill level 9 in Invocations
 19515 | Lair:2   | Reached skill level 10 in Conjurations
 20211 | Lair:2   | Reached skill level 7 in Hexes
 20211 | Lair:2   | Reached skill level 7 in Summonings
 20211 | Lair:2   | Reached skill level 7 in Necromancy
 20211 | Lair:2   | Reached skill level 7 in Translocations
 20211 | Lair:2   | Reached skill level 7 in Transmutations
 20211 | Lair:2   | Reached skill level 7 in Fire Magic
 20211 | Lair:2   | Reached skill level 7 in Ice Magic
 20211 | Lair:2   | Reached skill level 7 in Air Magic
 20211 | Lair:2   | Reached skill level 7 in Earth Magic
 20211 | Lair:2   | Reached skill level 7 in Poison Magic
 20899 | Lair:3   | Found a staircase to the Shoals.
 21082 | Lair:3   | Reached skill level 10 in Spellcasting
 21266 | Lair:3   | Noticed Amaemon
 21271 | Lair:3   | Killed Amaemon
 22116 | Lair:3   | Reached skill level 10 in Dodging
 22997 | Lair:3   | Reached skill level 9 in Fighting
 22997 | Lair:3   | Reached skill level 9 in Short Blades
 22997 | Lair:3   | Reached skill level 9 in Long Blades
 22997 | Lair:3   | Reached skill level 9 in Axes
 22997 | Lair:3   | Reached skill level 9 in Maces & Flails
 22997 | Lair:3   | Reached skill level 9 in Polearms
 22997 | Lair:3   | Reached skill level 9 in Staves
 22997 | Lair:3   | Reached skill level 9 in Ranged Weapons
 22997 | Lair:3   | Reached skill level 9 in Throwing
 22997 | Lair:3   | Reached skill level 9 in Armour
 22997 | Lair:3   | Reached skill level 9 in Shields
 22997 | Lair:3   | Reached skill level 9 in Unarmed Combat
 22997 | Lair:3   | Reached skill level 9 in Evocations
 23259 | Lair:3   | Reached skill level 10 in Stealth
 23679 | Lair:4   | Found a runed translucent door.
 23680 | Lair:4   | Found a viscous altar of Jiyva.
 23705 | Lair:3   | Reached XP level 14. HP: 38/111 MP: 0/29
 23706 | Lair:3   | Reached skill level 10 in Invocations
 24352 | Lair:4   | Noticed Rupert
 24357 | Lair:4   | Killed Rupert
 25122 | Lair:4   | Reached skill level 8 in Hexes
 25122 | Lair:4   | Reached skill level 8 in Summonings
 25122 | Lair:4   | Reached skill level 8 in Necromancy
 25122 | Lair:4   | Reached skill level 8 in Translocations
 25122 | Lair:4   | Reached skill level 8 in Transmutations
 25122 | Lair:4   | Reached skill level 8 in Fire Magic
 25122 | Lair:4   | Reached skill level 8 in Ice Magic
 25122 | Lair:4   | Reached skill level 8 in Air Magic
 25122 | Lair:4   | Reached skill level 8 in Earth Magic
 25122 | Lair:4   | Reached skill level 8 in Poison Magic
 25576 | Lair:4   | Found a staircase to the Slime Pits.
 25742 | D:7      | Bought a book of Power for 588 gold pieces
 25749 | D:7      | Learned a level 6 spell: Iron Shot
 25749 | D:7      | Reached *** piety under Ashenzari
 26019 | Lair:5   | Entered Level 5 of the Lair of Beasts
 26038 | Lair:5   | Paralysed by a hornet for 1 turns
 26046 | Lair:5   | HP: 10/113 [poisoned by a hornet]
 26381 | Lair:5   | Reached **** piety under Ashenzari
 27106 | Lair:5   | Reached skill level 11 in Spellcasting
 28408 | Lair:5   | Reached skill level 11 in Dodging
 28408 | Lair:5   | Reached skill level 11 in Conjurations
 28495 | Lair:5   | Reached skill level 10 in Fighting
 28495 | Lair:5   | Reached skill level 10 in Short Blades
 28495 | Lair:5   | Reached skill level 10 in Long Blades
 28495 | Lair:5   | Reached skill level 10 in Axes
 28495 | Lair:5   | Reached skill level 10 in Maces & Flails
 28495 | Lair:5   | Reached skill level 10 in Polearms
 28495 | Lair:5   | Reached skill level 10 in Staves
 28495 | Lair:5   | Reached skill level 10 in Ranged Weapons
 28495 | Lair:5   | Reached skill level 10 in Throwing
 28495 | Lair:5   | Reached skill level 10 in Armour
 28495 | Lair:5   | Reached skill level 10 in Shields
 28495 | Lair:5   | Reached skill level 10 in Unarmed Combat
 28495 | Lair:5   | Reached skill level 10 in Evocations
 29313 | Lair:5   | Reached XP level 15. HP: 120/120 MP: 4/31
 29320 | Lair:5   | Reached skill level 11 in Invocations
 29619 | Lair:5   | Reached skill level 11 in Stealth
 30426 | Orc:1    | Entered Level 1 of the Orcish Mines
 31361 | Orc:2    | Entered Level 2 of the Orcish Mines
 31623 | Orc:2    | Noticed Snorg
 31739 | Orc:1    | Killed Snorg
 31985 | Orc:2    | Found a staircase to the Elven Halls.
 33029 | Orc:2    | Paralysed by an ogre mage for 4 turns
 33354 | Orc:2    | Paralysed by an ogre mage for 3 turns
 33670 | Orc:2    | Found Kexyl's Assorted Antiques.
 33671 | Orc:2    | Found Erimpetz's Distillery.
 33671 | Orc:2    | Found Ceffuaha's Armour Emporium.
 33671 | Orc:2    | Found Neanenugg's Book Boutique.
 34314 | Orc:2    | Reached skill level 9 in Hexes
 34314 | Orc:2    | Reached skill level 9 in Summonings
 34314 | Orc:2    | Reached skill level 9 in Necromancy
 34314 | Orc:2    | Reached skill level 9 in Translocations
 34314 | Orc:2    | Reached skill level 9 in Transmutations
 34314 | Orc:2    | Reached skill level 9 in Fire Magic
 34314 | Orc:2    | Reached skill level 9 in Ice Magic
 34314 | Orc:2    | Reached skill level 9 in Air Magic
 34314 | Orc:2    | Reached skill level 9 in Earth Magic
 34314 | Orc:2    | Reached skill level 9 in Poison Magic
 34737 | Orc:2    | Bought a faintly glowing great sword for 276 gold pieces
 34737 | Orc:2    | Identified the +4 great sword of Reinforcement {pain, Str+3
                  | Int+3} (You bought it in a shop on level 2 of the Orcish
                  | Mines)
 34737 | Orc:2    | Bought a crude leather armour for 168 gold pieces
 34737 | Orc:2    | Identified the +3 leather armour of Cuat {rPois rF+ Stlth+}
                  | (You bought it in a shop on level 2 of the Orcish Mines)
 35128 | D:12     | Found a portal to a secret trove of treasure.
 35169 | D:12     | You paid a toll of 4 scrolls of fear to enter a treasure
                  | trove
 35170 | Trove    | Entered a treasure trove
 35172 | Trove    | Identified the +3 robe of the Gate {rC+ Will- Str+10
                  | Slay+2}
 35172 | Trove    | Identified the +2 hat "Simepnenwo" {Dex+2}
 35172 | Trove    | Identified the +1 pair of gloves of Loss {*Corrode Drain
                  | rPois rN+++}
 35172 | Trove    | Identified the +1 pair of gloves "Zasifommut" {Will- rCorr
                  | Str+5}
 35172 | Trove    | Identified a +0 crystal plate armour
 35172 | Trove    | Identified +0 ice dragon scales
 35172 | Trove    | Identified the +0 pair of gloves of Keubotz {rPois}
 35172 | Trove    | Identified the +0 hat of Mutualism {rPois Will++}
 35173 | Trove    | Identified the +1 chain mail of the Lion {rCorr Int+4}
 35173 | Trove    | Identified the +2 scale mail of Dyedgh {rC+ Dex+5}
 35173 | Trove    | Found the +18 shield of the Gong {rElec rN+ Will+ EV-5}
 35173 | Trove    | Identified the +3 scale mail "Wemuq" {+Blink}
 35328 | D:12     | Identified a potion of resistance
 35756 | D:12     | Found an ancient bone altar of Kikubaaqudgha.
 37687 | D:13     | Reached skill level 12 in Spellcasting
 37687 | D:13     | Reached XP level 16. HP: 129/129 MP: 26/33
 37952 | D:13     | Identified +0 acid dragon scales
 38018 | D:13     | Found Xifaat's Antique Armour Shop.
 38022 | D:13     | Bought a glowing robe for 107 gold pieces
 38182 | D:13     | Found a stormy altar of Qazlal.
 38488 | D:14     | Found a blossoming altar of Fedhas.
 38496 | D:14     | Reached skill level 11 in Fighting
 38496 | D:14     | Reached skill level 11 in Short Blades
 38496 | D:14     | Reached skill level 11 in Long Blades
 38496 | D:14     | Reached skill level 11 in Axes
 38496 | D:14     | Reached skill level 11 in Maces & Flails
 38496 | D:14     | Reached skill level 11 in Polearms
 38496 | D:14     | Reached skill level 11 in Staves
 38496 | D:14     | Reached skill level 11 in Ranged Weapons
 38496 | D:14     | Reached skill level 11 in Throwing
 38496 | D:14     | Reached skill level 11 in Armour
 38496 | D:14     | Reached skill level 11 in Shields
 38496 | D:14     | Reached skill level 11 in Unarmed Combat
 38496 | D:14     | Reached skill level 11 in Evocations
 38801 | D:14     | Found a runed translucent gate.
 38803 | D:14     | Found a runed translucent gate.
 38804 | D:14     | Noticed Maiffull's ghost (journeyman TrMo)
 38804 | D:14     | Found a runed translucent gate.
 38837 | D:14     | Reached skill level 12 in Invocations
 38842 | D:14     | Reached skill level 12 in Dodging
 39383 | D:14     | Found a radiant altar of Vehumet.
 39756 | D:14     | Reached skill level 12 in Stealth
 40107 | D:14     | Found a gate to the Vaults.
 40258 | D:15     | Entered Level 15 of the Dungeon
 40592 | D:15     | Found an iron altar of Okawaru.
 40901 | D:15     | Found Dibbagh's Jewellery Shoppe.
 41239 | D:15     | Found a staircase to the Depths.
 41540 | D:15     | Found Zoeckuec's Distillery.
 41787 | D:15     | Bought the ring "Dihiduh" {Contam Will+ AC+4 Dex+6 Stlth-}
                  | for 975 gold pieces
 42134 | Spider:1 | Entered Level 1 of the Spider Nest
 42970 | Spider:1 | Reached skill level 12 in Conjurations
 43991 | Spider:1 | Learned a level 7 spell: Spellforged Servitor
 45260 | Spider:2 | Found a runed translucent door.
 45260 | Spider:2 | Noticed sastreii's ghost (adept BaFi)
 45628 | Spider:2 | Killed sastreii's ghost
 45629 | Spider:2 | Reached XP level 17. HP: 137/140 MP: 29/36
 46160 | Spider:3 | Found a transporter.
 46160 | Spider:3 | Found a transporter.
 46161 | Spider:3 | Identified the +2 pair of boots of Kets {Harm}
 46598 | Spider:3 | Reached skill level 10 in Hexes
 46598 | Spider:3 | Reached skill level 10 in Summonings
 46598 | Spider:3 | Reached skill level 10 in Necromancy
 46598 | Spider:3 | Reached skill level 10 in Translocations
 46598 | Spider:3 | Reached skill level 10 in Transmutations
 46598 | Spider:3 | Reached skill level 10 in Fire Magic
 46598 | Spider:3 | Reached skill level 10 in Ice Magic
 46598 | Spider:3 | Reached skill level 10 in Air Magic
 46598 | Spider:3 | Reached skill level 10 in Earth Magic
 46598 | Spider:3 | Reached skill level 10 in Poison Magic
 46803 | Spider:3 | Noticed Arachne
 46811 | Spider:3 | Killed Arachne
 47570 | Spider:4 | Entered Level 4 of the Spider Nest
 48194 | Spider:4 | Reached skill level 13 in Invocations
 48385 | Spider:4 | Reached skill level 12 in Fighting
 48385 | Spider:4 | Reached skill level 12 in Short Blades
 48385 | Spider:4 | Reached skill level 12 in Long Blades
 48385 | Spider:4 | Reached skill level 12 in Axes
 48385 | Spider:4 | Reached skill level 12 in Maces & Flails
 48385 | Spider:4 | Reached skill level 12 in Polearms
 48385 | Spider:4 | Reached skill level 12 in Staves
 48385 | Spider:4 | Reached skill level 12 in Ranged Weapons
 48385 | Spider:4 | Reached skill level 12 in Throwing
 48385 | Spider:4 | Reached skill level 12 in Armour
 48385 | Spider:4 | Reached skill level 12 in Shields
 48385 | Spider:4 | Reached skill level 12 in Unarmed Combat
 48385 | Spider:4 | Reached skill level 12 in Evocations
 48658 | Spider:4 | Reached skill level 13 in Spellcasting
 49211 | Spider:4 | HP: 9/142 [spark wasp (16)]
 49211 | Spider:4 | HP: 3/142 [spark wasp (6)]
 49211 | Spider:4 | Mangled by a spark wasp

Vanquished Creatures
  Arachne (Spider:3)
  The ghost of sastreii the Crack Shot, an adept BaFi of Cheibriados (Spider:2)
  Rupert (Lair:4)
  A fire giant (D:15)
  4 ghost moths (Spider:4)
  3 emperor scorpions
  A broodmother (Spider:4)
  An entropy weaver (Spider:1)
  2 spark wasps
  Snorg (Orc:1)
  A fire dragon (Lair:5)
  Josephine (D:10)
  2 catoblepae (Lair:5)
  3 vault guards (D:14)
  4 boulder beetles
  5 hydras
  4 ogre magi (Orc:2)
  3 jorogumos
  18 two-headed ogres
  A death knight (D:13)
  4 centaur warriors
  3 death yaks (Lair:1)
  A tengu warrior (D:13)
  Amaemon (Lair:3)
  10 skeletal warriors
  4 steelbarb worms
  A pharaoh ant (Spider:1)
  A swamp dragon (Lair:5)
  6 orb spiders
  Pikel (D:8)
  2 deep elf pyromancers
  A lindwurm (Lair:4)
  3 orc knights
  An orc sorcerer (Orc:2)
  12 slime creatures
  A manticore (D:11)
  A moth of wrath (Spider:1)
  9 wolf spiders
  28 ugly things
  4 cyclopes
  A guardian serpent (Lair:5)
  Joseph (D:8)
  12 elephants
  7 black mambas
  Maggie (Lair:2)
  An orange demon (Lair:3)
  5 demonic crawlers
  15 cane toads
  A torpor snail (Spider:1)
  4 rime drakes
  Psyche (D:8)
  3 komodo dragons
  A kobold demonologist (D:13)
  4 freezing wraiths
  2 unseen horrors
  6 trolls
  2 queen bees
  2 polar bears (Lair:4)
  3 meliai (Spider:3)
  18 tarantellas
  5 hornets
  12 dream sheep
  15 blink frogs
  20 jumping spiders
  18 wyverns
  8 culicivoras
  45 yaks
  A hog (shapeshifter) (D:15)
  9 wraiths
  A shadow (D:13)
  6 steam dragons
  Grum (D:8)
  7 humans (D:14)
  7 basilisks
  8 vampire mosquitoes
  35 redbacks
  4 acid dragons
  6 wargs
  A swamp drake (Lair:5)
  24 water moccasins
  19 orc warriors
  4 ice beasts
  4 sky beasts
  A black bear (Lair:2)
  29 ogres
  28 wolves
  A boggart (D:9)
  6 centaurs
  4 lemures (D:8)
  6 kobold brigands
  12 bullfrogs
  A necrophage (D:5)
  3 gnoll sergeants
  3 wights (D:9)
  67 killer bees
  6 howler monkeys
  23 orc priests
  3 hounds (D:6)
  4 jellies
  A gnoll bouda (D:7)
  11 iguanas
  28 orc wizards
  24 gnolls
  10 adders
  2 river rats (D:4)
  6 shadow imps
  2 white imps
  2 ufetubi
  4 dart slugs (D:1)
  54 orcs
  19 ball pythons
  18 endoplasms
  12 giant cockroaches
  4 goblins
  6 hobgoblins
  12 kobolds
  12 quokkas
  3 bats
  9 frilled lizards
  6 rats
  A butterfly (Lair:4)
  3 fulminant prisms
  A fungus (Lair:5)
949 creatures vanquished.

Vanquished Creatures (collateral kills)
  An entropy weaver (Spider:2)
  A wolf spider (Spider:2)
  A moth of wrath (Spider:4)
  A demonic crawler (Spider:4)
  A jumping spider (Spider:2)
  2 redbacks (Spider:2)
7 creatures vanquished.

Vanquished Creatures (others)
  2 humans (D:14)
  115 fulminant prisms
  59 fungi
  90 plants
  11 withered plants (D:12)
277 creatures vanquished.

Grand Total: 1233 creatures vanquished
